Map: Unit Preloader

Players

nivek - Winner!

  • Race: Zerg Zerg
  • League: Diamond
  • Spawn Location: 9:00

VOD

https://go.twitch.tv/videos/186074637

Description

Time

  • Played on: Oct. 28, 2017, 9:43 a.m.
  • Length: 0:49
Show
View Real Time Build Order
Export as new Build Order

nivek Zerg - Winner!

Build Orders: Hatch First 

Get SALT Encoding   

  6  -2:31  Greater Spire  
  6  -2:51  Lair  
  6  -1:08  Ultralisk  
  6  -1:13  Infestor, Queen  
  6  -1:17  Planetary Fortress  
  6  -1:20  Siege Tank  
  6  -1:30  Hydralisk  
  6  -1:32  Orbital Command  
  6  -1:36  Roach  
  6  -1:42  Hellion  
  6  -1:46  Drone  
  245  0:00  Zergling x6, Void Ray x2, Ultralisk x3, Archon, Probe x5 (Chrono Boost), Carrier, Warp Prism x2, Raven, Hydralisk x3, Colossus x2, Corruptor x3, Immortal x2, Ghost, Marine, Hellion, Queen, Mutalisk x3, Stalker x3, Dark Templar, Banshee, Medivac, Observer, Sentry, Thor, Reaper, Drone x3, Marauder, Roach x3, Zealot x3, Phoenix x2, Siege Tank, High Templar x3, Overlord x3, Viking, Infestor x3, Disruptor, Battlecruiser  
  245  0:01  Dark Templar, Assimilator x2, Sentry, Archon, High Templar, Stalker, Zealot, Unknown  
  245  0:02  Armory, Brood Lord, Refinery x2, Cybernetics Core, Unknown  
  245  0:03  Assimilator, Lurker, Baneling, Extractor x4, Cyclone  
  245  0:04  Refinery x2, Assimilator, Dark Shrine, Barracks, Unknown x2  
  245  0:05  Hatchery, Ultralisk Cavern, Fleet Beacon, Spine Crawler, Spore Crawler, Spawning Pool, Bunker  
  245  0:06  Spire, Nydus Network, Nydus Canal  
  245  0:07  Roach Warren, Forge, Evolution Chamber, Infestation Pit, Baneling Nest, Engineering Bay  
  245  0:08  Factory, Gateway, Hydralisk Den  
  245  0:09  Unknown  
  235  0:10  Fusion Core, Photon Cannon  
  235  0:11  Pylon  
  235  0:12  Ghost Academy  
  235  0:13  Robotics Bay, Missile Turret  
  235  0:14  Robotics Facility  
  235  0:15  Sensor Tower  
  235  0:16  Starport  
  235  0:17  Stargate, Unknown  
  235  0:18  Supply Depot  
  235  0:20  Command Center  
Tags
 
Add a new tag
Caveats
  • Supply blocks, unpowered buildings, or Contaminate may cause inaccurate times.
  • Supply counts are checked every 10 seconds.